 Dungeon Crawl Stone Soup version 0.28.0-45-g0d030f2227 (webtiles) character file.

Game seed: 11466538360493913867

11921 DearestLeader the Blocker (level 11, -1/79 (80) HPs)
             Began as a Gnoll Fighter on Mar 31, 2022.
             Was a Plaything of Xom.
             Killed from afar by a deep elf pyromancer (17 damage)
             ... with a bolt of fire
             ... in a volcano.
             The game lasted 00:18:42 (12066 turns).

DearestLeader the Blocker (Gnoll Fighter)          Turns: 12066, Time: 00:18:43

HP:   -1/79 (80)    AC: 14    Str: 21    XL:     11   Next: 85%
MP:   0/21          EV: 12    Int:  7    God:    Xom [...*..]
Gold: 1227          SH:  6    Dex: 11    Spells: 22/23 levels left

rFire   . . .      SeeInvis .   v - +2 flail (chaos)
rCold   . . .      Faith    .   c - +0 buckler
rNeg    . . .      Spirit   +   b - +0 scale mail
rPois   .          Reflect  .   h - +1 hat {Stlth+}
rElec   .          Harm     .   (no cloak)
rCorr   .          Rampage  .   (no gloves)
Will    .....                   K - +0 pair of boots {Fly}
Stlth   +++.......              G - amulet of guardian spirit
HPRegen 0.23/turn               r - +4 ring of protection
MPRegen 0.17/turn               (no ring)

@: flying, lightly drained
A: fangs 1, strong nose, distributed training, antennae 1, frail 1, mutation
resistance 1, passive freeze, MP-powered wands
a: Renounce Religion


You were in a volcano.
You worshipped Xom.
You were a favourite toy of Xom.
You visited 3 branches of the dungeon, and saw 14 of its levels.
You also visited: Volcano.

You collected 1605 gold pieces.
You spent 378 gold pieces at shops.

Inventory:

Hand Weapons
 a - a +0 war axe
 o - a +1 flail of holy wrath
 v - a +2 flail of chaos (weapon)
 D - a +3 vorpal dire flail
 I - a +2 whip of electrocution
 J - a +2 morningstar of protection
Missiles
 R - 4 silver javelins (quivered)
Armour
 b - a +0 scale mail (worn)
 c - a +0 buckler (worn)
 h - a +1 hat of stealth (worn)
 t - the +7 chain mail of the Barnacle {-Cast rElec rF- Dex+10}
   (You found it on level 5 of the Dungeon)

   Dex:       It affects your dexterity (+10).
   rF:        It makes you vulnerable to fire.
   rElec:     It insulates you from electricity.
   -Cast:     It prevents spellcasting.
 K - a +0 pair of boots of flying (worn)
Jewellery
 r - a +4 ring of protection (left hand)
 y - a ring of ice
 G - an amulet of guardian spirit (around neck)
 L - an amulet of reflection
Wands
 u - a wand of flame (22)
 N - a wand of acid (2)
 P - a wand of digging (3)
 Q - a wand of charming (5)
Scrolls
 d - 2 scrolls of amnesia
 i - 4 scrolls of enchant weapon
 l - a scroll of magic mapping
 n - 2 scrolls of torment {unknown}
 q - 2 scrolls of vulnerability {unknown}
 s - 3 scrolls of immolation {unknown}
 x - 5 scrolls of holy word
 A - 2 scrolls of blinking
 B - a scroll of enchant armour {unknown}
 C - a scroll of silence {unknown}
 E - 2 scrolls of summoning {unknown}
 H - 4 scrolls of teleportation
 M - a scroll of fear {unknown}
Potions
 e - 13 potions of curing
 f - 3 potions of lignification {unknown}
 g - 3 potions of haste
 j - 5 potions of mutation {unknown}
 k - 4 potions of attraction
 p - 2 potions of brilliance {unknown}
 w - a potion of ambrosia {unknown}
 z - 3 potions of heal wounds
 F - a potion of degeneration {unknown}
 S - 2 potions of magic {unknown}
Miscellaneous
 O - a piece from Xom's chessboard (15/15)


   Skills:
 + Level 9.4 Fighting
 + Level 6.7 Short Blades
 + Level 6.7 Long Blades
 + Level 8.2 Axes
 + Level 6.7 Maces & Flails
 + Level 6.7 Polearms
 + Level 6.7 Staves
 + Level 6.7 Slings
 + Level 6.7 Bows
 + Level 6.7 Crossbows
 + Level 6.7 Throwing
 + Level 9.4 Armour
 + Level 6.7 Dodging
 + Level 6.7 Stealth
 + Level 9.4 Shields
 + Level 6.7 Unarmed Combat
 + Level 6.7 Spellcasting
 + Level 5.5 Conjurations
 + Level 5.5 Hexes
 + Level 5.5 Summonings
 + Level 5.5 Necromancy
 + Level 5.5 Translocations
 + Level 5.5 Transmutations
 + Level 5.5 Fire Magic
 + Level 5.5 Ice Magic
 + Level 5.5 Air Magic
 + Level 5.5 Earth Magic
 + Level 5.5 Poison Magic
 + Level 7.3 Invocations
 + Level 6.7 Evocations


You had 22 spell levels left.
You knew the following spells:

 Your Spells              Type           Power      Damage    Failure   Level
a - Animate Skeleton      Necr           20%        N/A       7%          1

Your spell library contained the following spells:

 Spells                   Type           Power      Damage    Failure   Level
 Apportation              Tloc           20%        N/A       7%          1
 Summon Small Mammal      Summ           40%        N/A       7%          1
 Call Canine Familiar     Summ           10%        N/A       21%         3
 Frozen Ramparts          Ice            20%        1d4       21%         3
 Inner Flame              Hex/Fire       10%        N/A       21%         3
 Summon Guardian Golem    Hex/Summ       10%        N/A       21%         3
 Ice Form                 Ice/Tmut       10%        N/A       56%         4
 Summon Ice Beast         Ice/Summ       10%        N/A       56%         4
 Metabolic Englaciation   Hex/Ice        5%         N/A       88%         5
 Simulacrum               Ice/Necr       5%         N/A       100%        6


Dungeon Overview and Level Annotations

Branches:
Dungeon (10/15)            Temple (1/1) D:4            Lair (4/6) D:9
    Orc (0/2) D:9         Volcano (1/1)
  Swamp: Lair:2-4    Shoals: Lair:2-4     Snake: Lair:2-4    Spider: Lair:2-4

Altars:
Ashenzari
Dithmenos
Elyvilon
Fedhas
Hepliaklqana
Kikubaaqudgha
Makhleb
Okawaru
Qazlal
Ru
Trog
Xom
Zin
The Shining One

Shops:
D:7 ?   D:9 [   D:10 [

Annotations:
D:3 2 transporters, Bruhh's ghost, amateur MfSu


Innate Abilities, Weirdness & Mutations

You have very sharp teeth.
Your uncanny sense of smell can sniff out nearby items.
Your experience applies equally to all skills.
You have a pair of small antennae on your head.
You are frail. (-10% HP)
You are somewhat resistant to further mutation.
A frigid envelope surrounds you and freezes all who hurt you.
You expend magic power (3 MP) to strengthen your wands.


Message History

There is an open door here.
You hit the hell hound but do no damage.
The hell hound is severely wounded.
The hell hound barely misses you. The hell hound bites you.
The hell hound is frozen!
The hell hound is very cold.
You kill the hell hound!
The deep elf pyromancer points at you and mumbles some strange words.
The bolt of fire hits the hell hound.
The hell hound completely resists.
The bolt of fire hits you!!!
The hell hound bites you but does no damage.
The hell hound is very cold.
The hell hound is lightly wounded.
You are too injured to fight recklessly!
The hell hound pauses to sniff the ground.
You are too injured to fight recklessly!
You are too injured to fight recklessly!
Unknown command.
The hell hound breathes flames at you.
The blast of flame hits the hell hound.
The hell hound completely resists.
The blast of flame hits you. The hell hound closely misses you.
The hell hound bites you but does no damage.
The hell hound is frozen!
The hell hound is very cold.
The hell hound is lightly wounded.
The hell hound breathes flames at you. The blast of flame hits you!
* * * LOW HITPOINT WARNING * * *
The hell hound closely misses you.
There is an open door here.
The deep elf pyromancer shouts!
The hell hound bites you.
* * * LOW HITPOINT WARNING * * *
The hell hound is frozen!
The hell hound is very cold.
The hell hound is heavily wounded.
You closely miss the hell hound.
The hell hound is heavily wounded.
The deep elf pyromancer gestures at you while chanting.
The bolt of fire hits the hell hound.
The hell hound completely resists.
The bolt of fire hits you!!
You die...
Xom howls with laughter!

##§≈#....#≈≈#
#§§##÷#####≈≈#
##≈§#..# .# #
#§§##..# .h#
##≈≈#..##.≈.§
#§≈##..#.§§
##≈§#...#.h...e
#≈≈##..##+####+##≈
##§≈#h@.#....#...#≈
#§§##h###...##..§##
#§§#.e.#....'..≈§.#
#≈≈##.≈.#.).##...§.#
#≈≈#....'†..#.......
#≈#################+
∆∆∆∆∆∆∆∆ { ∆∆∆∆∆∆∆∆


You could see a deep elf pyromancer and 3 hell hounds.

Vanquished Creatures
  A centaur warrior (D:9)
  A two-headed ogre (D:10)
  A deep elf pyromancer (Volcano)
  A black mamba (Lair:1)
  3 cane toads (Lair:1)
  Maggie (Lair:1)
  A komodo dragon (Lair:1)
  A tengu conjurer (D:8)
  A slime creature (Lair:1)
  A meliai zombie (D:10)
  A fire elemental (Volcano)
  9 yaks (Lair:1)
  A wyvern (D:8)
  A steam dragon (D:7)
  A human (Lair:1)
  Edmund (D:6)
  6 wargs
  4 hell hounds (Volcano)
  5 water moccasins
  3 orc warriors (D:9)
  2 sky beasts
  2 necrophages (D:6)
  A black bear (D:4)
  2 ice beasts (D:6)
  3 centaurs
  Blork the orc (D:4)
  3 bullfrogs
  4 scorpions
  A water moccasin skeleton (D:7)
  13 killer bees (D:8)
  2 wights (D:9)
  An electric eel (D:10)
  A centaur zombie (D:5)
  8 jellies
  A bullfrog zombie (D:5)
  3 hounds
  11 orc priests
  A bullfrog skeleton (D:6)
  A gnoll shaman (D:5)
  An iguana (D:5)
  A scorpion zombie (D:3)
  7 orc wizards
  2 hell rats (Lair:1)
  A howler monkey zombie (D:9)
  8 adders
  7 gnolls
  A white imp (D:8)
  An ufetubus (D:6)
  3 worms
  A dart slug (D:1)
  26 orcs
  6 ball pythons
  2 bats
  17 endoplasms
  11 giant cockroaches
  9 goblins
  7 hobgoblins
  4 quokkas
  2 frilled lizards
  12 kobolds
  6 rats
240 creatures vanquished.

Vanquished Creatures (collateral kills)
  A centaur zombie (D:9)
  A komodo dragon (Lair:1)
  An orc warrior (D:9)
  A kobold brigand (D:9)
  A wight (D:9)
  A gnoll shaman (D:5)
  3 gnolls (D:5)
  An orc (D:9)
  2 kobolds (D:9)
12 creatures vanquished.

Vanquished Creatures (others)
  An orc wizard (D:7)
  2 hell rats (Lair:1)
  8 fungi (Lair:1)
  A plant (Lair:1)
12 creatures vanquished.

Grand Total: 264 creatures vanquished

Notes
Turn   | Place    | Note
-------+----------+-------------------------------------------
     0 | D:1      | DearestLeader the Gnoll Fighter began the quest for the
                  | Orb.
     0 | D:1      | Reached XP level 1. HP: 23/23 MP: 1/1
   143 | D:1      | Reached XP level 2. HP: 26/29 MP: 2/2
   638 | D:2      | Reached XP level 3. HP: 33/35 MP: 2/4
   728 | D:2      | Reached skill level 1 in Invocations
  1026 | D:2      | Reached skill level 1 in Short Blades
  1026 | D:2      | Reached skill level 1 in Long Blades
  1026 | D:2      | Reached skill level 1 in Maces & Flails
  1026 | D:2      | Reached skill level 1 in Polearms
  1026 | D:2      | Reached skill level 1 in Staves
  1026 | D:2      | Reached skill level 1 in Slings
  1026 | D:2      | Reached skill level 1 in Bows
  1026 | D:2      | Reached skill level 1 in Crossbows
  1026 | D:2      | Reached skill level 1 in Throwing
  1026 | D:2      | Reached skill level 1 in Dodging
  1026 | D:2      | Reached skill level 1 in Stealth
  1026 | D:2      | Reached skill level 1 in Unarmed Combat
  1026 | D:2      | Reached skill level 1 in Spellcasting
  1026 | D:2      | Reached skill level 1 in Evocations
  1032 | D:2      | Reached XP level 4. HP: 30/41 MP: 5/5
  1483 | D:3      | Reached skill level 1 in Conjurations
  1483 | D:3      | Reached skill level 1 in Hexes
  1483 | D:3      | Reached skill level 1 in Summonings
  1483 | D:3      | Reached skill level 1 in Necromancy
  1483 | D:3      | Reached skill level 1 in Translocations
  1483 | D:3      | Reached skill level 1 in Transmutations
  1483 | D:3      | Reached skill level 1 in Fire Magic
  1483 | D:3      | Reached skill level 1 in Ice Magic
  1483 | D:3      | Reached skill level 1 in Air Magic
  1483 | D:3      | Reached skill level 1 in Earth Magic
  1483 | D:3      | Reached skill level 1 in Poison Magic
  1725 | D:3      | Noticed Bruhh's ghost (amateur MfSu)
  1746 | D:3      | Found a transporter.
  1750 | D:3      | Found a transporter.
  1906 | D:3      | Reached XP level 5. HP: 39/47 MP: 5/7
  2451 | D:4      | Reached XP level 6. HP: 40/53 MP: 8/8
  2651 | D:4      | Found a staircase to the Ecumenical Temple.
  2660 | Temple   | Entered the Ecumenical Temple
  2777 | Temple   | Became a worshipper of Xom of Chaos
  2882 | D:4      | Noticed a black bear
  2883 | D:4      | XOM: confuse monster(s)
  2891 | D:4      | XOM: 4-stop teleportation journey
  2911 | D:4      | XOM: 1-stop teleportation journey
  2945 | D:4      | Killed a black bear
  2946 | D:4      | Reached skill level 5 in Axes
  3218 | D:4      | Noticed Eustachio
  3218 | D:4      | XOM: noise
  3222 | D:4      | Noticed Eustachio
  3222 | D:4      | Eustachio changed into Eustachio the warg
  3222 | D:4      | XOM: polymorph Eustachio -> Eustachio the warg
  3224 | D:4      | Noticed Blork the orc
  3243 | D:4      | XOM: cleaving
  3249 | D:4      | XOM: give mutation
  3249 | D:4      | Gained mutation: A frigid envelope surrounds you and
                  | freezes all who hurt you. [Xom's mischief]
  3253 | D:4      | XOM: fog
  3262 | Temple   | Killed Eustachio the warg
  3263 | Temple   | Reached XP level 7. HP: 35/60 MP: 10/10
  3395 | D:4      | Killed Blork the orc
  3600 | D:5      | Entered Level 5 of the Dungeon
  3691 | D:5      | XOM: enchant monster (bad)
  3959 | D:5      | Identified the +7 chain mail of the Barnacle {-Cast rElec
                  | rF- Dex+10}
  4001 | D:5      | Reached XP level 8. HP: 66/67 MP: 12/12
  4008 | D:5      | XOM: 1-stop teleportation journey
  4009 | D:5      | XOM: chaos upgrade
  4024 | D:5      | XOM: blink monster(s)
  4159 | D:6      | XOM: fake destruction
  4215 | D:6      | XOM: silly message
  4345 | D:5      | XOM: summons 5 hostile demons
  5208 | D:6      | XOM: fog
  5290 | D:6      | Reached XP level 9. HP: 62/72 MP: 14/14
  5469 | D:6      | Noticed Edmund
  5473 | D:6      | Killed Edmund
  5549 | D:6      | Found Jafaaski's Weapon Shop.
  5708 | D:6      | XOM: give mutation
  5708 | D:6      | Gained mutation: You are somewhat resistant to further
                  | mutation. [Xom's grace]
  5832 | D:7      | Found Qemod's Magic Scroll Shop.
  5838 | D:7      | Bought 2 scrolls of identify for 56 gold pieces
  5838 | D:7      | Bought a scroll of blinking for 105 gold pieces
  6167 | D:7      | XOM: polymorph bullfrog -> centaur
  6546 | D:8      | XOM: summons friendly ufetubus
  6613 | D:8      | Noticed a tengu conjurer
  6620 | D:8      | Killed a tengu conjurer
  6621 | D:8      | Reached skill level 5 in Invocations
  6870 | D:8      | XOM: give mutations
  6870 | D:8      | Gained mutation: You have a pair of small antennae on your
                  | head. [Xom's grace]
  6870 | D:8      | Gained mutation: You expend magic power (3 MP) to
                  | strengthen your wands. [Xom's grace]
  6914 | D:8      | Reached XP level 10. HP: 41/80 MP: 17/17
  6917 | D:8      | Learned a level 1 spell: Animate Skeleton
  7216 | D:8      | Found a blossoming altar of Fedhas.
  7328 | D:8      | Reached skill level 5 in Short Blades
  7328 | D:8      | Reached skill level 5 in Long Blades
  7328 | D:8      | Reached skill level 5 in Maces & Flails
  7328 | D:8      | Reached skill level 5 in Polearms
  7328 | D:8      | Reached skill level 5 in Staves
  7328 | D:8      | Reached skill level 5 in Slings
  7328 | D:8      | Reached skill level 5 in Bows
  7328 | D:8      | Reached skill level 5 in Crossbows
  7328 | D:8      | Reached skill level 5 in Throwing
  7328 | D:8      | Reached skill level 5 in Dodging
  7328 | D:8      | Reached skill level 5 in Stealth
  7328 | D:8      | Reached skill level 5 in Unarmed Combat
  7328 | D:8      | Reached skill level 5 in Spellcasting
  7328 | D:8      | Reached skill level 5 in Evocations
  7592 | D:9      | Found a staircase to the Lair.
  7642 | D:9      | Found Ajepop's Antique Armour Shoppe.
  7701 | D:9      | Found a staircase to the Orcish Mines.
  7703 | D:9      | XOM: summons friendly iron imp
  7897 | D:9      | Identified the +1 robe of Soulocw {Str-2 Slay+4}
  7963 | D:9      | XOM: draining
  8161 | D:9      | Noticed a centaur warrior
  8172 | D:9      | XOM: divination: detect items
  8173 | D:9      | Killed a centaur warrior
  8622 | D:10     | Entered Level 10 of the Dungeon
  8671 | D:10     | Found Yngin's Armour Shop.
  8671 | D:10     | XOM: 3-stop teleportation journey
  8689 | D:10     | Got the Handbook of Fire and Ice
  8817 | D:10     | Noticed a two-headed ogre
  8817 | D:10     | XOM: cleaving
  8825 | D:10     | Killed a two-headed ogre
  8826 | D:10     | Reached XP level 11. HP: 63/87 MP: 14/19
  9066 | D:10     | XOM: 7-stop teleportation journey
  9120 | D:10     | XOM: scenery: create altars
  9212 | D:10     | Identified the +1 leather armour of the Hunter {Rampage
                  | Int+2 Dex+2}
  9306 | D:10     | XOM: silly message
  9778 | Lair:1   | Entered Level 1 of the Lair of Beasts
  9780 | Lair:1   | XOM: summons friendly quasit
  9791 | Lair:1   | Reached skill level 5 in Conjurations
  9791 | Lair:1   | Reached skill level 5 in Hexes
  9791 | Lair:1   | Reached skill level 5 in Summonings
  9791 | Lair:1   | Reached skill level 5 in Necromancy
  9791 | Lair:1   | Reached skill level 5 in Translocations
  9791 | Lair:1   | Reached skill level 5 in Transmutations
  9791 | Lair:1   | Reached skill level 5 in Fire Magic
  9791 | Lair:1   | Reached skill level 5 in Ice Magic
  9791 | Lair:1   | Reached skill level 5 in Air Magic
  9791 | Lair:1   | Reached skill level 5 in Earth Magic
  9791 | Lair:1   | Reached skill level 5 in Poison Magic
 10106 | Lair:1   | Noticed Maggie
 10108 | Lair:1   | XOM: scenery: create altars
 10117 | Lair:1   | Killed Maggie
 10166 | Lair:1   | XOM: summons 3 friendly demons
 10422 | D:9      | Bought a pair of runed boots for 217 gold pieces
 10428 | D:9      | Identified 2 scrolls of acquirement
 10434 | D:9      | Acquired 1087 gold pieces
 10436 | D:9      | Acquired a +1 hat of stealth
 10486 | Lair:1   | XOM: divine lightning
 10920 | Lair:1   | XOM: draining
 11064 | Lair:1   | XOM: enchant monster (good)
 11065 | Lair:1   | XOM: polymorph yak -> human
 11070 | Lair:1   | XOM: summons 3 friendly demons
 11084 | Lair:1   | XOM: summons friendly white imp
 11165 | Lair:1   | XOM: polymorph white imp -> crimson imp
 11411 | Lair:1   | XOM: give mutation
 11411 | Lair:1   | Gained mutation: You are frail. (-10% HP) [Xom's mischief]
 11712 | Lair:2   | XOM: draining
 11715 | Lair:2   | XOM: swap monsters
 11716 | Lair:2   | You are sucked into a shaft and drop 2 floors!
 11773 | Lair:4   | Found a dark tunnel.
 11783 | Volcano  | Entered a volcano
 11792 | Volcano  | XOM: silly message
 11898 | Volcano  | Noticed a deep elf pyromancer
 11900 | Volcano  | Noticed a deep elf pyromancer
 12039 | Volcano  | Noticed a deep elf pyromancer
 12040 | Volcano  | Noticed a deep elf pyromancer
 12052 | Volcano  | Killed a deep elf pyromancer
 12066 | Volcano  | Killed from afar by a deep elf pyromancer

Illustrated notes

Levels and vault maps discovered:
D:1:      minmay_arrival_five_plusses, layout_rooms, grunt_decor_mini_mirrors,
          chequers_serial_rivers_micro_a, columned_hall_lemuel
D:2:      layout_loops_ring, minmay_small_reverse_x
D:3:      layout_basic, gammafunk_ghost_arena, minmay_bisected
D:4:      layout_rooms, minmay_temple_entry_antechambers, uniq_eustachio,
          uniq_blork_the_orc
D:5:      layout_loops_corners
D:6:      layout_basic, serial_shops, shop, uniq_edmund
D:7:      layout_basic, serial_shops, nicolae_shop_statue_plus
D:8:      layout_gridville, nicolae_overflow_crystal_walls
D:9:      layout_basic, erik_lair_orcish_takeover, minmay_orc_entry_guard_dogs,
          serial_shops, shop, st_stairs_8
D:10:     layout_basic, serial_shops, shop
Temple:   mainiacjoe_temple_hex_bubbles
Lair:1:   lemuel_slime, layout_gridlike, cheibrodos_lair_reptile_den,
          lemuel_fruit_fields, grunt_megastairs_4, serial_bayou_shore_b,
          uniq_maggie
Lair:2:   layout_roguey [special_room_bee], skrybe_swamp_entry_bodies,
          hellmonk_spider_entry_not_the_bees
Lair:4:   layout_cave_pods, enter_volcano_1, evilmike_ambush
          [evilmike_ambush_outer_basic, evilmike_ambush_inner_wall_1],
          grunt_megastairs_3
Volcano:  hellmonk_pyromancer_palace

Skill      XL: |  1  2  3  4  5  6  7  8  9 10 11 |
---------------+----------------------------------+-----
Invocations    | 1 2 3 4 5 6 7 |  7.3
Short Blades   | 1 2 3 4 5 6 |  6.7
Long Blades    | 1 2 3 4 5 6 |  6.7
Maces & Flails | 1 2 3 4 5 6 |  6.7
Polearms       | 1 2 3 4 5 6 |  6.7
Staves         | 1 2 3 4 5 6 |  6.7
Slings         | 1 2 3 4 5 6 |  6.7
Bows           | 1 2 3 4 5 6 |  6.7
Crossbows      | 1 2 3 4 5 6 |  6.7
Throwing       | 1 2 3 4 5 6 |  6.7
Dodging        | 1 2 3 4 5 6 |  6.7
Stealth        | 1 2 3 4 5 6 |  6.7
Unarmed Combat | 1 2 3 4 5 6 |  6.7
Spellcasting   | 1 2 3 4 5 6 |  6.7
Evocations     | 1 2 3 4 5 6 |  6.7
Conjurations   | 1 2 3 4 5 |  5.5
Hexes          | 1 2 3 4 5 |  5.5
Summonings     | 1 2 3 4 5 |  5.5
Necromancy     | 1 2 3 4 5 |  5.5
Translocations | 1 2 3 4 5 |  5.5
Transmutations | 1 2 3 4 5 |  5.5
Fire Magic     | 1 2 3 4 5 |  5.5
Ice Magic      | 1 2 3 4 5 |  5.5
Air Magic      | 1 2 3 4 5 |  5.5
Earth Magic    | 1 2 3 4 5 |  5.5
Poison Magic   | 1 2 3 4 5 |  5.5
Axes           | 5 6 7 8 |  8.2
Fighting       | 7 8 9 |  9.4
Armour         | 7 8 9 |  9.4
Shields        | 7 8 9 |  9.4

Action                   |  1- 3 |  4- 6 |  7- 9 | 10-12 || total
-------------------------+-------+-------+-------+-------++-------
Melee: War axe           |    95 |    94 |       |       ||   189
       Bite              |    12 |    11 |    30 |    46 ||    99
       Flail             |       |    65 |   205 |   288 ||   558
Evoke: Wand              |       |       |     5 |       ||     5
  Use: Potion            |       |     1 |       |     1 ||     2
       Scroll            |       |       |     5 |     8 ||    13
 Stab: Sleeping          |       |       |     1 |     1 ||     2
       Paralysed         |       |       |     4 |     1 ||     5
       Petrified         |       |       |       |     4 ||     4
       Distracted        |       |       |       |     1 ||     1
       Confused          |       |       |       |     1 ||     1
Armor: Scale mail        |    45 |    53 |    11 |     9 ||   118
       Chain mail        |       |       |   129 |   132 ||   261
Dodge: Dodged            |    41 |    69 |   107 |   119 ||   336
Block: Buckler           |    25 |    41 |    83 |    92 ||   241
